 Dungeon Crawl Stone Soup version 0.28-a0-1447-ga5a8893891 (webtiles) character file.

Game seed: 4557388957777212793

94957 chunkyMonkey the Nimble (level 15, -6/79 HPs)
             Began as a Spriggan Fighter on Jan 12, 2022.
             Was the Champion of Okawaru.
             Killed from afar by Jorgrun (38 damage)
             ... with an iron shot
             ... on level 2 of the Orcish Mines.
             The game lasted 01:16:35 (43652 turns).

chunkyMonkey the Nimble (Spriggan Fighter)         Turns: 43652, Time: 01:16:36

Health: -6/79      AC: 12    Str: 11 (12) XL:     15   Next: 65%
Magic:  31/31      EV: 26    Int: 15      God:    Okawaru [******]
Gold:   2024       SH: 12    Dex: 32 (33) Spells: 21/32 levels left

rFire   + + .      SeeInvis +   J - +7 Throatcutter {drain, coup de grace}
rCold   x . .      Faith    .   c - +1 buckler
rNeg    . . .      Spirit   .   K - +0 fire dragon scales
rPois   .          Reflect  .   F - +1 hat
rElec   .          Harm     .   I - +0 cloak
rCorr   .          Rampage  .   (gloves unavailable)
Will    ++...                   (boots unavailable)
Stlth   +++++.....              E - amulet of magic regeneration
HPRegen 0.23/turn               n - ring "Deafupt" {Int+4 Dex+6 Stlth+}
MPRegen 0.62/turn               B - +6 ring of dexterity

@: very quick
A: very small, no large weapons, unfitting armour, see invisible, speed 3,
deterioration 1, high mp 1, no potion heal 1
a: Renounce Religion, Heroism, Finesse, Duel


You were on level 2 of the Orcish Mines.
You worshipped Okawaru.
Okawaru was exalted by your worship.
You visited 4 branches of the dungeon, and saw 24 of its levels.
You also visited: Ossuary and Gauntlet.

You collected 2024 gold pieces.

Inventory:

Hand Weapons
 u - a +4 scimitar of flaming
 J - the +7 Throatcutter (weapon) {drain, coup de grace}
   (You took it off an orc on level 8 of the Dungeon)

   A truly terrible weapon, it drains the life of any living foe it strikes.
   It may instantly kill foes which have little health.
 V - a +0 quick blade of freezing
 W - the +11 dagger of Ubrit {vamp, rElec rPois Will+ Str+3}
   (Okawaru gifted it to you on level 1 of the Orcish Mines)

   It occasionally heals its wielder for a portion of the damage dealt when it
   wounds a living foe.
   Str:       It affects your strength (+3).
   rElec:     It insulates you from electricity.
   rPois:     It protects you from poison.
   Will:      It increases your willpower.
 X - a +4 demon blade of venom
Missiles
 a - a throwing net
 C - 51 poisoned darts (quivered)
Armour
 c - a +1 buckler (worn)
 k - +0 ice dragon scales
 q - the +3 robe of Free Will {Regen+ Int+5}
   (Okawaru gifted it to you on level 5 of the Lair of Beasts)

   Int:       It affects your intelligence (+5).
   Regen:     It increases your rate of health regeneration.
 v - the +3 robe "Kofoog" {rPois rF+ Will+ Int+3}
   (Okawaru gifted it to you on level 11 of the Dungeon)

   Int:       It affects your intelligence (+3).
   rF:        It protects you from fire.
   rPois:     It protects you from poison.
   Will:      It increases your willpower.
 F - a +1 hat (worn)
 I - a +0 cloak (worn)
 K - +0 fire dragon scales (worn)
 L - +0 acid dragon scales
Jewellery
 b - a ring of protection from cold
 e - a ring of resist corrosion
 m - a ring of flight
 n - the ring "Deafupt" (left hand) {Int+4 Dex+6 Stlth+}
   (You acquired it on level 6 of the Dungeon)

   [ring of dexterity]

   Int:       It affects your intelligence (+4).
   Dex:       It affects your dexterity (+6).
   Stlth:     It makes you more stealthy.
 r - a ring of positive energy
 B - a +6 ring of dexterity (right hand)
 E - an amulet of magic regeneration (around neck)
 H - a ring of protection from fire
 U - a ring of protection from fire
Wands
 w - a wand of mindburst (10)
 D - a wand of paralysis (12)
 P - a wand of iceblast (10)
 S - a wand of digging (11)
Scrolls
 f - 4 scrolls of identify
 h - 4 scrolls of amnesia
 s - a scroll of fog
 y - 3 scrolls of enchant armour
 G - 3 scrolls of holy word
 M - 4 scrolls of teleportation
 N - a scroll of blinking
 O - 7 scrolls of vulnerability
 R - a scroll of magic mapping
 T - 4 scrolls of fear
 Z - a scroll of silence
Potions
 d - 2 potions of might
 g - 3 potions of berserk rage
 i - 3 potions of resistance
 j - 2 potions of cancellation
 l - 9 potions of curing
 x - a potion of heal wounds
 A - 3 potions of haste
 Q - a potion of invisibility
 Y - 2 potions of magic


   Skills:
 * Level 9.6 Fighting
 * Level 12.1(14.2) Short Blades
 * Level 9.5(11.2) Long Blades
 - Level 0.5 Axes
 + Level 5.6 Armour
 * Level 14.5 Dodging
 + Level 10.2 Stealth
 * Level 8.9 Shields
 + Level 9.1 Spellcasting
 - Level 8.0 Hexes
 * Level 5.0 Poison Magic
 - Level 3.0 Invocations


You had 21 spell levels left.
You knew the following spells:

 Your Spells              Type           Power      Damage    Failure   Level
a - Slow                  Hex            100%       N/A       4%          1
b - Dazzling Flash        Conj/Hex       36%        N/A       58%         3
c - Olgreb's Toxic Radia  Pois           22%        N/A       85%         4
d - Ignite Poison         Fire/Tmut/Pois 11%        N/A       89%         3

Your spell library contained the following spells:

 Spells                   Type           Power      Damage    Failure   Level
 Confusing Touch          Hex            30%        N/A       14%         3
 Sting                    Tmut/Pois      56%        1d5       43%         1
 Cause Fear               Hex            15%        N/A       43%         4
 Poisonous Vapours        Pois/Air       28%        N/A       56%         2
 Inner Flame              Hex/Fire       18%        N/A       58%         3
 Portal Projectile        Hex/Tloc       36%        N/A       58%         3
 Apportation              Tloc           12%        N/A       78%         1
 Sandblast                Erth           12%        2d6       78%         1
 Corpse Rot               Necr/Air       12%        N/A       89%         2
 Passwall                 Tmut/Erth      5%         N/A       89%         2
 Static Discharge         Conj/Air       6%         N/A       89%         2
 Sublimation of Blood     Necr           6%         N/A       89%         2
 Leda's Liquefaction      Hex/Erth       9%         N/A       94%         4
 Conjure Flame            Conj/Fire      6%         6-21      98%         3
 Stone Arrow              Conj/Erth      12%        3d7       98%         3
 Vampiric Draining        Necr           6%         2d6       98%         3
 Passage of Golubria      Tloc           6%         N/A       100%        4
 Petrify                  Tmut/Erth      6%         N/A       100%        4
 Sticky Flame             Conj/Fire      6%         2d3       100%        4
 Agony                    Necr           6%         N/A       100%        5
 Alistair's Intoxication  Tmut/Pois      9%         N/A       100%        5
 Blade Hands              Tmut           3%         N/A       100%        5
 Borgnjor's Vile Clutch   Necr/Erth      3%         N/A       100%        5
 Irradiate                Conj/Tmut      3%         3d14      100%        5
 Iskenderun's Battlesphe  Conj           6%         2d6       100%        5
 Lightning Bolt           Conj/Air       3%         1d14      100%        5
 Silence                  Hex/Air        9%         N/A       100%        5
 Eringya's Noxious Bog    Tmut/Pois      7%         N/A       100%        6
 Iron Shot                Conj/Erth      3%         9d2       100%        6
 Dragon Form              Tmut           3%         N/A       100%        7
 Discord                  Hex            15%        N/A       100%        8
 Lehudib's Crystal Spear  Conj/Erth      3%         10d2      100%        8
 Maxwell's Capacitive Co  Air            3%         ∞         100%        8
 Call Canine Familiar     Summ           Unusable   N/A       N/A         3
 Spellforged Servitor     Conj/Summ      Unusable   N/A       N/A         7

Dungeon Overview and Level Annotations

Branches:
Dungeon (15/15)            Temple (1/1) D:4            Lair (6/6) D:11
 Shoals (0/4) Lair:4       Spider (0/4) Lair:3        Slime (0/5) Lair:5
    Orc (2/2) D:9          Vaults (0/5) D:13         Depths (0/4) D:15
Ossuary (visited)         Gauntlet (visited)
    Elf: Orc:2

Altars:
Ashenzari
Cheibriados
Dithmenos
Elyvilon
Fedhas
Gozag
Hepliaklqana
Kikubaaqudgha
Makhleb
Nemelex Xobeh
Okawaru
Qazlal
Ru
Sif Muna
Trog
Uskayaw
Vehumet
Wu Jian
Xom
Yredelemnul
Zin
The Shining One
Beogh
Jiyva

Shops:
D:6 (

Annotations:
D:2 1 runed translucent door, Crazy Yiuf
D:8 1 runed translucent door, Clumpoid's ghost, journeyman TrMo
Lair:3 2 runed translucent doors, Grognak's ghost, journeyman MiBe
Lair:4 2 transporters
Orc:2 Jorgrun


Innate Abilities, Weirdness & Mutations

You are very small and have problems with some larger weapons.
You are too small for most types of armour.
You have supernaturally acute eyesight. (SInv)
You cover ground extremely quickly. (Speed+++)
Your body sometimes deteriorates upon taking damage.
You have an increased reservoir of magic. (+10% MP)
Potions are less effective at restoring your health.


Message History

You climb upwards.
There is a stone staircase leading down here.
There is an open door here.
There is an open door here.
There is a staircase to the Orcish Mines here.
You climb downwards.
Welcome back to the Orcish Mines!
There is a staircase back to the Dungeon here.
Done exploring.
There is a stone staircase leading down here.
Search for what [Enter for "armor", or ? for help]? mut Can't find anything matching that.
You climb downwards.
Level annotation: Jorgrun The orc completely misses you. x2
There is a stone staircase leading up here.
You block the orc's attack. x2
You climb upwards.
There is a stone staircase leading down here.
You slash the orc!
You kill the orc!
The orc misses you.
You barely miss the orc. The orc misses you.
You closely miss the orc. The orc completely misses you.
You slash the orc!
You kill the orc!
No target in view!
No target in view!
You see here a +2 hand axe of venom.
There is a stone staircase leading down here.
You climb downwards.
Level annotation: Jorgrun Some rock shatters into small pieces.
The warg stops to sniff the ground.
Jorgrun casts a spell at you. The iron shot hits you!!!
Ouch! That really hurt!
There is a stone staircase leading up, spattered with blood here.
Jorgrun gestures at you while chanting. The iron shot hits you!!!
You die...

#.............##
...............#
..............#
..............#
........#.#$..##
.........g$....##
.....#..........# .
.........#.....#....
.........o.h@.....#
..........o....#...#
..o..#..$.###### ##
..........#
$.........#
.........# .......
....


You could see Jorgrun, a warg, an orc warrior and an orc wizard.

Vanquished Creatures
  Snorg (D:12)
  A great orb of eyes (D:15)
  A fire dragon (D:15)
  An ice dragon (D:15)
  A vault guard (D:13)
  16 hydras
  An ogre mage (D:15)
  4 boulder beetles
  A death knight (D:14)
  Erica (Lair:1)
  2 catoblepae
  11 two-headed ogres
  7 centaur warriors
  4 death yaks (Lair:4)
  A deep troll (shapeshifter) (D:14)
  A harpy (D:13)
  A lindwurm (Lair:4)
  3 deep elf pyromancers
  A wizard (Lair:6)
  7 ugly things
  2 orc knights
  An orc sorcerer (Orc:1)
  7 cyclopes
  7 elephants
  5 manticores
  3 torpor snails
  10 black mambas
  Maurice (D:12)
  2 unseen horrors
  An efreet (D:13)
  2 gargoyles
  18 cane toads
  16 komodo dragons
  A kobold demonologist (D:14)
  4 rime drakes
  A freezing wraith (D:13)
  A tengu conjurer (D:15)
  4 trolls
  5 polar bears
  A queen bee (shapeshifter) (D:14)
  A wind drake (Lair:4)
  15 slime creatures
  13 dream sheep
  5 blink frogs (Lair:3)
  2 jumping spiders (Lair:3)
  3 wraiths
  A spriggan (shapeshifter) (D:13)
  2 shadows
  A vampire (D:9)
  6 wyverns
  A yak (shapeshifter) (D:8)
  69 yaks
  5 basilisks
  11 humans (D:13)
  2 steam dragons (D:7)
  A basilisk (shapeshifter) (D:14)
  12 vampire mosquitoes
  A warg (D:9)
  An acid dragon (D:9)
  20 water moccasins
  3 hell hounds (Lair:6)
  2 black bears
  10 orc warriors
  3 necrophages
  4 ogres
  A wolf (Lair:6)
  6 centaurs
  4 kobold brigands
  11 bullfrogs
  3 scorpions
  A water moccasin zombie (D:5)
  4 electric eels
  4 howler monkeys (D:8)
  A bullfrog zombie (D:6)
  2 centaur zombies
  A centaur skeleton (D:6)
  2 hounds
  2 gnoll shamans
  8 orc priests
  A bullfrog skeleton (D:6)
  Jessica (D:2)
  2 hell rats (Lair:1)
  5 iguanas
  21 orc wizards
  3 mummies (Ossuary)
  3 howler monkey zombies
  13 gnolls
  A howler monkey skeleton (D:7)
  11 adders
  10 river rats (Lair:1)
  2 ufetubi
  2 dart slugs
  41 orcs
  3 ball pythons
  3 bats
  9 endoplasms
  2 giant cockroaches
  8 goblins
  9 hobgoblins
  2 jackals (D:2)
  17 kobolds
  2 quokkas
  A gnoll zombie (Ossuary)
  4 hobgoblin zombies (Ossuary)
  3 kobold zombies (Ossuary)
  A quokka zombie (D:5)
  A rat (Lair:1)
  A rat zombie (D:5)
584 creatures vanquished.

Vanquished Creatures (others)
  5 bushes
  48 fungi
  102 plants
155 creatures vanquished.

Grand Total: 739 creatures vanquished

Notes
Turn   | Place    | Note
-------+----------+-------------------------------------------
     0 | D:1      | chunkyMonkey the Spriggan Fighter began the quest for the
                  | Orb.
     0 | D:1      | Reached XP level 1. HP: 11/11 MP: 2/2
   177 | D:1      | Found a faded altar of an unknown god.
   238 | D:2      | Noticed Jessica
   915 | D:2      | Reached XP level 2. HP: 8/16 MP: 3/3
  1736 | D:1      | Reached skill level 1 in Short Blades
  2479 | D:2      | Killed Jessica
  2480 | D:2      | Reached XP level 3. HP: 19/19 MP: 3/5
  3347 | D:2      | Found a runed translucent door.
  3348 | D:2      | Noticed Crazy Yiuf
  3389 | D:2      | Reached XP level 4. HP: 19/23 MP: 6/6
  3640 | D:2      | Learned a level 1 spell: Slow
  3679 | D:2      | Found a glowing silver altar of Zin.
  4236 | D:2      | Reached skill level 1 in Spellcasting
  6945 | D:3      | Noticed a water moccasin
  7476 | D:3      | Reached XP level 5. HP: 28/28 MP: 7/7
  8426 | D:5      | Entered Level 5 of the Dungeon
  8456 | D:5      | Noticed a vampire
  8479 | D:4      | Reached skill level 5 in Dodging
  8499 | D:5      | Noticed a centaur
  8515 | D:5      | Noticed a necrophage
  8549 | D:5      | Killed a necrophage
  8550 | D:5      | Reached skill level 1 in Hexes
  8550 | D:5      | Reached XP level 6. HP: 8/32 MP: 7/9
  8765 | D:5      | Reached skill level 1 in Armour
  8767 | D:5      | Reached XP level 7. HP: 24/36 MP: 9/11
  8873 | D:5      | Found a sand-covered staircase.
  8882 | Ossuary  | Entered an ossuary
  8882 | Ossuary  | Noticed a wraith
  8882 | Ossuary  | Noticed a wraith
  8882 | Ossuary  | Noticed a wraith
  9529 | Ossuary  | Noticed a wraith
  9536 | Ossuary  | Killed a wraith
  9537 | Ossuary  | Reached skill level 6 in Dodging
 10409 | D:5      | Identified a scroll of acquirement
 10781 | D:4      | Learned a level 3 spell: Dazzling Flash
 10837 | D:4      | Found a staircase to the Ecumenical Temple.
 11074 | Temple   | Entered the Ecumenical Temple
 11179 | Temple   | Became a worshipper of Warmaster Okawaru
 11248 | D:5      | Found an ornate altar of the Wu Jian Council.
 11943 | D:6      | Acquired the ring "Deafupt" {Int+4 Dex+6 Stlth+}
 12020 | D:6      | Reached XP level 8. HP: 40/42 MP: 13/13
 12117 | D:6      | Reached * piety under Okawaru
 12547 | D:6      | Found Macovik's Weapon Emporium.
 12915 | D:6      | Noticed an unseen horror
 12928 | D:6      | Killed an unseen horror
 12929 | D:6      | Reached skill level 7 in Dodging
 13099 | D:6      | Reached ** piety under Okawaru
 13338 | D:6      | Reached XP level 9. HP: 46/46 MP: 15/15
 14127 | D:7      | Reached skill level 5 in Short Blades
 15564 | D:8      | Identified the +11 hand axe of the Mouth {vorpal, rPois}
 15590 | D:8      | Noticed a troll
 15590 | D:8      | a shapeshifter changed into a troll
 15591 | D:8      | Noticed an unseen horror
 15591 | D:8      | a troll changed into an unseen horror
 15593 | D:8      | Noticed a salamander
 15593 | D:8      | an unseen horror changed into a salamander
 15598 | D:8      | Noticed a wind drake
 15598 | D:8      | a salamander changed into a wind drake
 15600 | D:8      | a wind drake changed into a yak
 15622 | D:8      | Reached *** piety under Okawaru
 15623 | D:8      | Reached skill level 8 in Dodging
 15894 | D:8      | Reached skill level 5 in Fighting
 16060 | D:8      | Found a runed translucent door.
 16066 | D:8      | Noticed a polar bear
 16076 | D:8      | Identified the +9 spear of Youthful Indiscretion {protect,
                  | *Noise Str+5 Dex+6}
 16279 | D:8      | Noticed Clumpoid's ghost (journeyman TrMo)
 16604 | D:9      | Reached skill level 5 in Long Blades
 17164 | D:9      | Reached XP level 10. HP: 51/51 MP: 17/17
 17192 | D:9      | Noticed a two-headed ogre
 17237 | D:9      | Killed a two-headed ogre
 17285 | D:9      | Noticed a two-headed ogre
 17317 | D:9      | Killed a two-headed ogre
 17317 | D:9      | Reached **** piety under Okawaru
 17318 | D:9      | Reached skill level 1 in Stealth
 17318 | D:9      | Reached skill level 5 in Shields
 17391 | D:9      | Found a staircase to the Orcish Mines.
 17411 | D:9      | Reached skill level 9 in Dodging
 17466 | D:9      | Reached skill level 5 in Spellcasting
 17647 | D:10     | Entered Level 10 of the Dungeon
 17682 | D:10     | Reached skill level 1 in Invocations
 17685 | D:10     | Reached ***** piety under Okawaru
 18794 | D:11     | Found a gate leading to a gauntlet.
 18807 | Gauntlet | Entered a Gauntlet
 18807 | Gauntlet | Noticed a soul eater
 18807 | Gauntlet | Noticed an eye of devastation
 18807 | Gauntlet | Found a transporter.
 18807 | Gauntlet | Found a transporter.
 18808 | Gauntlet | Found a transporter.
 18815 | Gauntlet | Found a transporter.
 18818 | Gauntlet | Found a transporter.
 18818 | Gauntlet | Noticed a worldbinder
 18824 | Gauntlet | Found a transporter.
 18827 | Gauntlet | Found a transporter.
 18828 | Gauntlet | Found a transporter.
 18829 | Gauntlet | Found a transporter.
 18831 | Gauntlet | Noticed a lindwurm
 18831 | Gauntlet | Noticed a cacodemon
 18833 | Gauntlet | Noticed a fire crab
 18834 | Gauntlet | Noticed a swamp dragon
 18834 | Gauntlet | Noticed a mana viper
 18834 | Gauntlet | a lindwurm changed into a mana viper
 18836 | Gauntlet | Noticed a lindwurm
 18836 | Gauntlet | a mana viper changed into a lindwurm
 18836 | Gauntlet | a swamp dragon changed into a redback
 18837 | Gauntlet | Found a transporter.
 18837 | Gauntlet | Found a transporter.
 18837 | Gauntlet | Found the necklace of Bloodlust {*Rage Will++ Int-3 Slay+6}
 18841 | Gauntlet | Noticed a faun
 18841 | Gauntlet | a lindwurm changed into a faun
 18843 | Gauntlet | a faun changed into a merfolk
 18854 | Gauntlet | Noticed a shock serpent
 18854 | Gauntlet | a merfolk changed into a shock serpent
 18856 | Gauntlet | Noticed a wolf spider
 18856 | Gauntlet | a shock serpent changed into a wolf spider
 18858 | Gauntlet | a wolf spider changed into a tyrant leech
 18861 | Gauntlet | Noticed a spark wasp
 18861 | Gauntlet | a tyrant leech changed into a spark wasp
 18864 | Gauntlet | Noticed a four-headed hydra
 18864 | Gauntlet | a spark wasp changed into a four-headed hydra
 18869 | Gauntlet | Noticed an elephant
 18899 | Gauntlet | Noticed an eye of devastation
 18900 | Gauntlet | Noticed a shining eye
 18911 | Gauntlet | Noticed a radroach
 18911 | Gauntlet | an eye of devastation changed into a radroach
 19013 | D:11     | Noticed a two-headed ogre
 19078 | D:11     | Killed a two-headed ogre
 19079 | D:11     | Reached skill level 5 in Hexes
 19079 | D:11     | Reached XP level 11. HP: 27/56 MP: 15/20
 19411 | D:11     | Noticed a boulder beetle
 19873 | D:11     | Killed a boulder beetle
 20011 | D:11     | Found a staircase to the Lair.
 20033 | D:11     | Identified the +3 robe "Kofoog" {rPois rF+ Will+ Int+3}
                  | (Okawaru gifted it to you on level 11 of the Dungeon)
 20033 | D:11     | Received a gift from Okawaru
 20187 | D:11     | Identified the +1 mace "Ryffoef" {flame, rN+ rCorr Stlth-}
 20378 | D:11     | Reached skill level 10 in Dodging
 20722 | Lair:1   | Entered Level 1 of the Lair of Beasts
 20831 | Lair:1   | Noticed Erica
 21303 | Lair:1   | Killed Erica
 22463 | Lair:2   | Noticed a six-headed hydra
 23310 | Lair:2   | Reached XP level 12. HP: 62/62 MP: 22/22
 23320 | Lair:2   | Reached skill level 5 in Stealth
 23347 | Lair:2   | Reached ****** piety under Okawaru
 23705 | Lair:2   | Reached skill level 11 in Dodging
 23710 | Lair:2   | Killed a one-headed hydra
 23833 | Lair:2   | Noticed a five-headed hydra
 23845 | Lair:2   | Killed a one-headed hydra
 24167 | Lair:3   | Found a hole to the Spider Nest.
 24297 | Lair:3   | Received a gift from Okawaru
 25480 | Lair:3   | Noticed a six-headed hydra
 25490 | Lair:3   | Killed a one-headed hydra
 25537 | Lair:3   | Noticed a seven-headed hydra
 25552 | Lair:3   | Killed a one-headed hydra
 25688 | Lair:3   | Noticed a catoblepas
 25700 | Lair:3   | Killed a catoblepas
 25962 | Lair:3   | Found a large runed translucent door.
 25962 | Lair:3   | Found a large runed translucent door.
 25966 | Lair:3   | Noticed Grognak's ghost (journeyman MiBe)
 26350 | Lair:4   | Reached XP level 13. HP: 67/67 MP: 24/24
 26369 | Lair:4   | Found a staircase to the Shoals.
 26925 | Lair:4   | Reached skill level 12 in Dodging
 26955 | Lair:4   | Received a gift from Okawaru
 27606 | Lair:4   | Found a transporter.
 27674 | Lair:4   | Reached skill level 10 in Short Blades
 27858 | Lair:4   | Found a transporter.
 28602 | Lair:5   | Found a viscous altar of Jiyva.
 28602 | Lair:5   | Found a staircase to the Slime Pits.
 28660 | Lair:5   | Identified the +3 robe of Free Will {Regen+ Int+5} (Okawaru
                  | gifted it to you on level 5 of the Lair of Beasts)
 28660 | Lair:5   | Received a gift from Okawaru
 29945 | Lair:6   | Entered Level 6 of the Lair of Beasts
 29991 | Lair:5   | Reached XP level 14. HP: 26/74 MP: 26/26
 30409 | Lair:5   | Reached skill level 13 in Dodging
 30609 | Lair:6   | Received a gift from Okawaru
 31376 | Lair:6   | Learned a level 4 spell: Olgreb's Toxic Radiance
 31690 | Lair:6   | Reached skill level 1 in Poison Magic
 32948 | Lair:6   | Learned a level 3 spell: Ignite Poison
 33103 | Lair:6   | Found a burning altar of Makhleb.
 33858 | Orc:1    | Entered Level 1 of the Orcish Mines
 34053 | Orc:1    | Identified the +11 dagger of Ubrit {vamp, rElec rPois Will+
                  | Str+3} (Okawaru gifted it to you on level 1 of the Orcish
                  | Mines)
 34053 | Orc:1    | Received a gift from Okawaru
 34054 | Orc:1    | Reached skill level 5 in Armour
 34169 | Orc:2    | Entered Level 2 of the Orcish Mines
 34172 | Orc:2    | Noticed Jorgrun
 35611 | D:12     | Noticed Maurice
 35627 | D:12     | Killed Maurice
 35712 | D:12     | Noticed Snorg
 35767 | D:12     | Killed Snorg
 36255 | D:13     | Identified the +2 dagger "Hell-Harrower" {drain, rElec
                  | rPois Int-3} (Okawaru gifted it to you on level 13 of the
                  | Dungeon)
 36255 | D:13     | Received a gift from Okawaru
 36259 | D:13     | Identified the +9 great sword "Bomaeg" {vamp, rN+++ Will-
                  | Str+2 Int-4}
 37573 | D:13     | Reached XP level 15. HP: 53/79 MP: 28/28
 37776 | D:13     | Reached skill level 14 in Dodging
 37962 | D:13     | Found a gate to the Vaults.
 38851 | D:13     | Identified the +2 robe "Ciqah" {Rampage} (Okawaru gifted it
                  | to you on level 13 of the Dungeon)
 38851 | D:13     | Received a gift from Okawaru
 41011 | D:15     | Entered Level 15 of the Dungeon
 41076 | D:15     | Gained mutation: Armour fits poorly on your strangely
                  | shaped body. [potion of mutation]
 41076 | D:15     | Gained mutation: Your body sometimes deteriorates upon
                  | taking damage. [potion of mutation]
 41077 | D:15     | Lost mutation: Your body sometimes deteriorates upon taking
                  | damage. [potion of mutation]
 41077 | D:15     | Lost mutation: Armour fits poorly on your strangely shaped
                  | body. [potion of mutation]
 41077 | D:15     | Gained mutation: You occasionally shout uncontrollably at
                  | your foes. [potion of mutation]
 41077 | D:15     | Gained mutation: You have sharp toenails. [potion of
                  | mutation]
 41078 | D:15     | Lost mutation: You occasionally shout uncontrollably at
                  | your foes. [potion of mutation]
 41078 | D:15     | Lost mutation: You have sharp toenails. [potion of
                  | mutation]
 41078 | D:15     | Gained mutation: Your magical capacity is low. (-10% MP)
                  | [potion of mutation]
 41078 | D:15     | Gained mutation: You are clumsy. (Dex -2) [potion of
                  | mutation]
 41078 | D:15     | Lost mutation: You are clumsy. (Dex -2) [potion of
                  | mutation]
 42169 | D:15     | Reached skill level 10 in Stealth
 42604 | D:15     | Identified the +7 great sword "Worm" {antimagic, rPois
                  | Int+5}
 42884 | D:15     | Reached skill level 5 in Poison Magic
 42906 | D:15     | Found a staircase to the Depths.
 43336 | D:15     | Lost mutation: Your magical capacity is low. (-10% MP)
                  | [potion of mutation]
 43336 | D:15     | Gained mutation: Your body sometimes deteriorates upon
                  | taking damage. [potion of mutation]
 43336 | D:15     | Gained mutation: Potions are less effective at restoring
                  | your health. [potion of mutation]
 43336 | D:15     | Gained mutation: You have an increased reservoir of magic.
                  | (+10% MP) [potion of mutation]
 43652 | Orc:2    | Killed from afar by Jorgrun

Illustrated notes

Levels and vault maps discovered:
D:1:      minmay_arrival_arboretum_small, layout_rooms,
          dreamdust_ecumenical_altar_grove
D:2:      cheibrodos_greedy_goblins, layout_basic, basic_altar,
          grunt_ministairs_2, uniq_jessica, uniq_crazy_yiuf_cottage
D:3:      layout_basic
D:4:      layout_basic, minmay_temple_entry_sparse_star
D:5:      layout_basic, mainiacjoe_overflow_six_doors_small, serial_rivers,
          chequers_serial_rivers_micro_e, chequers_serial_rivers_micro_a,
          chequers_serial_rivers_small_a, chequers_serial_rivers_small_3,
          enter_ossuary_4, minmay_misc_feat_secret_circle, minmay_statues_item
D:6:      minmay_opposing_rooms, layout_loops_ring, serial_shops,
          nicolae_shop_trees, minmay_crystal_water
D:7:      layout_gridville
D:8:      layout_cave_pools, ebering_ghost_funeral_grove
D:9:      layout_roguey, david_orc_3
D:10:     layout_roguey, david_defended_altar_orc
D:11:     layout_basic, minmay_lair_entry_grove, gauntlet_entry_generic,
          item_on_display_a
D:12:     layout_long_grid, hex_tiny, uniq_snorg, uniq_maurice
D:13:     minmay_the_grid_triangle_9x9_recursive_2_mashed
          [minmay_the_grid_triangle_9x9_prize_top_heavy,
          minmay_the_grid_triangle_9x9_sprig,
          minmay_the_grid_triangle_9x9_longest,
          minmay_the_grid_triangle_9x9_thin_v], layout_small_grid,
          ximxim_vaults_locker_room
D:14:     layout_roguey, skrybe_limestone_x
D:15:     grunt_enter_depths_hoard, layout_basic, minmay_misc_feat_rows,
          minmay_circle_x
Temple:   compressed_dpeg_circular_temple
Lair:1:   layout_regular_city, kennysheep_rathole, uniq_erica
Lair:2:   layout_misc_corridors, serial_forest, infiniplex_forest_straight_1,
          infiniplex_forest_clump_diagonal, infiniplex_forest_zigzag_1,
          infiniplex_forest_zigzag_1, infiniplex_forest_diagonal,
          infiniplex_forest_clump_medium, infiniplex_forest_lined_room_2,
          st_stairs_4
Lair:3:   layout_roguey, spider_nest_entry_a, ebering_ghost_disaster_area,
          grunt_megastairs_3
Lair:4:   gammafunk_cloud_chamber, layout_cave_pods, minmay_shoals_entry_beasts
Lair:5:   layout_loops_ring, slime_altar_1
Lair:6:   evil_forest, layout_small_grid, serial_bayou, serial_bayou_shore_b,
          serial_bayou_lake_a, serial_bayou_shore_a, serial_bayou_ford_a,
          lemuel_fruit_fields
Orc:1:    cheibrodos_orc_arena, layout_diamond_mine, serial_shops,
          nicolae_shop_waterfront, basic_altar, mines4_lemuel
Orc:2:    st_orc_congregation, layout_caves, uniq_jorgrun, uniq_nessos

Skill      XL: |  1  2  3  4  5  6  7  8  9 10 11 12 13 14 15 |
---------------+----------------------------------------------+-----
Short Blades   | 1 2 3 4 6 7 8 9 10 11 12 | 12.1
Long Blades    | 2 3 4 5 6 7 8 9 |  9.5
Spellcasting   | 1 2 3 4 5 6 7 8 9 |  9.1
Dodging        | 5 6 7 8 9 10 11 12 13 14 | 14.5
Fighting       | 3 4 5 6 7 8 9 |  9.6
Hexes          | 1 2 3 4 5 6 7 8 |  8.0
Shields        | 3 4 5 6 7 8 |  8.9
Armour         | 1 2 3 4 5 |  5.6
Stealth        | 2 4 6 8 9 10 | 10.2
Invocations    | 1 3 |  3.0
Poison Magic   | 3 5 |  5.0
Axes           | |  0.5

Action                   |  1- 3 |  4- 6 |  7- 9 | 10-12 | 13-15 || total
-------------------------+-------+-------+-------+-------+-------++-------
Melee: Long sword        |    78 |   194 |   435 |   507 |  1064 ||  2278
       Hand axe          |       |       |    17 |       |       ||    17
       Scimitar          |       |       |       |    34 |   117 ||   151
       Demon blade       |       |       |       |    27 |   214 ||   241
       Quick blade       |       |       |       |       |    60 ||    60
       Dagger            |       |       |       |       |     7 ||     7
Throw: Dart              |       |       |       |    19 |       ||    19
       Throwing net      |       |       |       |     2 |       ||     2
 Cast: Slow              |       |       |       |    36 |    21 ||    57
Invok: Heroism           |       |       |     1 |     9 |    24 ||    34
Evoke: Wand              |       |       |     5 |     2 |     7 ||    14
  Use: Scroll            |       |    10 |    15 |     5 |     7 ||    37
       Potion            |       |     2 |     2 |       |     7 ||    11
 Stab: Sleeping          |     3 |       |     6 |    10 |    24 ||    43
       Confused          |       |       |     4 |       |       ||     4
       Paralysed         |       |       |     1 |       |       ||     1
       Distracted        |       |       |     2 |     3 |    11 ||    16
       Fleeing           |       |       |       |     1 |       ||     1
Armor: Robe              |     9 |    27 |    47 |    31 |   118 ||   232
       Acid dragon scale |       |       |       |    15 |       ||    15
       Fire dragon scale |       |       |       |       |     1 ||     1
Dodge: Dodged            |    56 |   165 |   368 |   388 |  1251 ||  2228
Block: Buckler           |    21 |    63 |   205 |   225 |   783 ||  1297

Table legend: (Time is in decaauts)
 A = Elapsed time spent in this place.
 B = Non-inter-level travel time spent in this place.
 C = Inter-level travel time spent in this place.
 D = Time resting spent in this place.
 E = Time spent auto-exploring this place.
 F = Levels seen in this place.
 G = Mean time per level.
                   A        B        C        D        E       F      G
               +--------+--------+--------+--------+--------+-----+--------+
         Total |  37489 |  36862 |    627 |  20995 |   8990 |  26 | 1441.9 |
       Dungeon |  24675 |  24245 |    430 |  14209 |   5759 |  15 | 1645.0 |
        Temple |     74 |     65 |      9 |      0 |     34 |   1 |   74.0 |
          Lair |  11048 |  10871 |    177 |   5729 |   2881 |   6 | 1841.3 |
  Orcish Mines |    465 |    456 |      9 |    203 |    128 |   2 |  232.5 |
       Ossuary |   1160 |   1160 |      0 |    854 |    188 |   1 | 1160.0 |
      Gauntlet |     65 |     65 |      0 |      0 |      0 |   1 |   65.0 |
               +--------+--------+--------+--------+--------+-----+--------+

Top non-repeatable levels by time:
     D:2: 3748 daAuts
  Lair:6: 2723 daAuts
     D:3: 2220 daAuts
  Lair:1: 2192 daAuts
    D:12: 2184 daAuts
    D:15: 2043 daAuts
  Lair:4: 1936 daAuts
     D:6: 1904 daAuts
    D:13: 1878 daAuts
  Lair:3: 1800 daAuts
    D:14: 1742 daAuts
     D:1: 1726 daAuts
  Lair:5: 1682 daAuts
     D:7: 1391 daAuts
    D:10: 1307 daAuts
